 Dungeon Crawl Stone Soup version 0.31.0-11-ge490571c62 (webtiles) character file.

Game seed: 2682577670686051493

29 Zeor the Apothecary (level 3, -1/20 HPs)
             Began as a Vampire Alchemist on Jan 30, 2024.
             Slain by a ribbon worm (2 damage)
             ... on level 2 of the Dungeon.
             The game lasted 00:04:25 (1011 turns).

Zeor the Apothecary (Vampire Alchemist)             Turns: 1011, Time: 00:04:26

Health: -1/20      AC:  2    Str:  7    XL:     3   Next: 1%
Magic:  3/6        EV: 12    Int: 19    God:
Gold:   95         SH:  0    Dex: 14    Spells: 0/6 levels left

rFire   + . .        d - +0 dagger
rCold   + + .        (no shield)
rNeg    + + +        a - +0 robe
rPois   ∞            (no helmet)
rElec   .            (no cloak)
rCorr   .            (no gloves)
SInv    +            (no boots)
Will    .....        (no amulet)
Stlth   ++++         f - ring of protection from fire
HPRegen 0.00/turn    (no ring)
MPRegen 0.10/turn

%: no passive effects
@: weakened, bloodless, inhibited regen
A: bloodless, fangs 3, see invisible, vampiric 2
a: Bat Form, Revivify


You were on level 2 of the Dungeon.
You visited 1 branch of the dungeon, and saw 2 of its levels.

You collected 95 gold pieces.

Inventory:

Hand Weapons
 d - a +0 dagger (weapon)
Armour
 a - a +0 robe (worn)
Jewellery
 f - a ring of protection from fire (left hand)
Potions
 b - a potion of magic
 c - a potion of heal wounds {unknown}
 e - a potion of curing {unknown}
 g - 2 potions of mutation {unknown}


   Skills:
 * Level 0.8 Fighting
 + Level 0.1 Short Blades
 + Level 2.5 Dodging
 + Level 3.0 Stealth
 * Level 2.1 Spellcasting
 + Level 0.6 Conjurations
 + Level 4.0 Alchemy


You couldn't memorise any spells.
You knew the following spells:

 Your Spells              Type           Power      Damage    Failure   Level
c - Mephitic Cloud        Conj/Alch/Air  7%         N/A       26%         3
s - Sting                 Conj/Alch      40%        1d5       6%          1
v - Mercury Vapours       Alch/Air       18%        N/A       11%         2

Your spell library contained the following spells:

 Spells                   Type           Power      Damage    Failure   Level
 Olgreb's Toxic Radiance  Alch           17%        N/A       32%         4
 Sticky Flame             Fire/Alch      9%         2d5       58%         4


Dungeon Overview and Level Annotations

Branches:
Dungeon (2/15)

Altars:


Innate Abilities, Weirdness & Mutations

You do not regenerate when monsters are visible.
You are frail without blood (-20% HP).
You can heal yourself when you bite living creatures.
You are immune to poison.
You have razor-sharp teeth.
You have supernaturally acute eyesight. (SInv)
You are afflicted with vampirism and can become a bat while bloodless.


Message History

A ribbon worm comes into view.
The helpless ribbon worm fails to defend itself.
You puncture the ribbon worm!
The ribbon worm is severely wounded.
The ribbon worm closely misses you.
You hit the ribbon worm.
The ribbon worm is almost dead.
The ribbon worm bites you!
Casting: Sting (safe; 6% risk of failure)
Confirm with . or Enter, or press ? or * to list all spells.
Aiming: Sting (safe; 6% risk of failure)
Press: ? - help, Shift-Dir - straight line, f - ribbon worm
Aim: a ribbon worm (severely wounded, 90% to hit)
The sting hits the ribbon worm.
The ribbon worm is poisoned.
The ribbon worm is almost dead.
The ribbon worm bites you.
You hit the ribbon worm.
The ribbon worm is almost dead.
The ribbon worm expels a string of sticky webbing.
The stream of webbing hits you but does no damage.
You are caught in a web!
The web tears apart.
The ribbon worm attacks as it pursues you!
The ribbon worm bites you.
* * * LOW HITPOINT WARNING * * *
The quokka bites you but does no damage.
The quokka attacks as it pursues you! The quokka barely misses you.
Casting: Sting (safe; 6% risk of failure)
Confirm with . or Enter, or press ? or * to list all spells.
Aiming: Mercury Vapours (safe; 11% risk of failure)
Press: ? - help, Dir - move target, f/p - ribbon worm
Aim: a ribbon worm (severely wounded, poisoned, catching its breath, chance to weaken: 80%) Fumes of mercury billow around the ribbon worm!
The ribbon worm looks even sicker.
The ribbon worm looks weaker.
You feel your attacks grow feeble. The quokka bites you.
* * * LOW HITPOINT WARNING * * *
A frilled lizard comes into view.
The ribbon worm bites you.
You die...

░░░·░ ░·░░░····░░ ░·········░░
····░ ░········░▒▒▒ ░·········░
░░░░░░░░░░░··░··∙l▒▒░·········░
··░·······░····▒▒∙∙▒▒▒░▒■▒▒▒▒▒▒▒▒
░·░·░░░░░·░·░░▒▒∙∙∙∙∙▒ ▒∙∙∙∙∙∙∙∙∙
··░·░ ░░·······∙∙∙∙∙!▒▒▒∙∙∙∙∙∙∙∙∙
░░░·░ ░··░░·▒▒▒▒▒∙∙▒∙∙▒▒∙∙∙∙∙∙∙∙∙
░·░·░ ░··░∙∙▒∙▒w▒∙∙▒∙∙▒▒∙∙∙∙∙∙∙∙∙
░·░·░░░··░░∙∙▒∙rV∙∙∙∙∙∙∙∙∙∙∙∙∙∙∙∙
░········░·▒∙∙∙▒▒∙∙∙∙∙▒▒▒▒▒░░▒∙<∙
░·░·░░░··░▒∙∙∙▒∙▒∙∙▒▒∙▒ ▒▒∙∙▒
·······∙∙∙∙∙▒∙∙▒▒∙∙∙∙∙▒▒ ▒∙∙∙▒
░░░░░░·▒∙▒[▒∙▒∙(▒∙▒▒∙∙∙▒▒▒▒▒▒∙▒∙▒
░░░░·▒∙▒▒▒▒▒∙▒▒∙∙∙∙▒∙∙∙▒∙∙∙∙∙∙▒
░░····▒∙∙∙∙∙∙∙∙∙∙∙▒▒▒▒▒∙▒∙∙▒▒▒▒▒
░·····▒▒∙▒∙▒▒∙▒∙∙∙∙∙∙∙∙∙∙>∙∙∙∙∙∙
░·░·░·▒▒∙∙∙∙∙∙▒▒▒∙▒▒▒▒▒▒▒∙▒▒▒▒▒∙


You could see a ribbon worm (very poisoned, catching breath, weak), a quokka and
a frilled lizard (wandering).

Vanquished Creatures
  2 dart slugs
  4 endoplasms
  A giant cockroach (D:1)
  2 goblins (D:1)
  A hobgoblin (D:1)
  A kobold (D:1)
  3 ball pythons (D:1)
  4 bats
  3 frilled lizards
  3 rats
24 creatures vanquished.

Notes
Turn   | Place    | Note
-------+----------+-------------------------------------------
     0 | D:1      | Zeor the Vampire Alchemist began the quest for the Orb.
     0 | D:1      | Reached XP level 1. HP: 13/13 MP: 3/3
   226 | D:1      | Reached XP level 2. HP: 15/15 MP: 5/5
   256 | D:1      | Learned a level 2 spell: Mercury Vapours
   536 | D:1      | Reached skill level 4 in Alchemy
   984 | D:2      | Gained mutation: You are afflicted with vampirism and can
                  | become a bat while bloodless. [Vampire growth]
   984 | D:2      | Reached XP level 3. HP: 20/20 MP: 6/6
   988 | D:2      | Learned a level 3 spell: Mephitic Cloud
  1011 | D:2      | HP: 1/20 [quokka (4)]
  1011 | D:2      | Slain by a ribbon worm

Illustrated notes

Levels and vault maps discovered:
D:1:      roderic_crop_circles_arrival_small, layout_basic
D:2:      layout_basic, serial_shops, nicolae_shop_stone, minivault_24,
          minmay_octomino_e4

Skill      XL: |  1  2 |
---------------+-------+-----
Alchemy        | 4 |  4.0
Fighting       | |  0.8
Short Blades   | |  0.1
Dodging        | |  2.5
Stealth        | |  3.0
Spellcasting   | |  2.1
Conjurations   | |  0.6

Action                     || total
---------------------------++-------
  Melee: Unarmed           ||    18
         Bite              ||     4
         Dagger            ||    24
   Cast: Sting             ||    10
         Mercury Vapours   ||     1
Ability: Exsanguinate      ||     1
    Use: Scroll            ||     1
   Stab: Sleeping          ||    15
 Armour: Robe              ||    14
  Dodge: Dodged            ||    23
